 Dungeon Crawl Stone Soup version 0.28-a0-445-g51f8dfeb47 (webtiles) character file.

Game seed: 8962427808302604961

169 GenialerGandalf the Chopper (level 5, 0/46 HPs)
             Began as a Hill Orc Fighter on July 31, 2021.
             Succumbed to a kobold brigand's poison
             ... in a sewer on Sept 13, 2021.
             The game lasted 00:10:50 (3457 turns).

GenialerGandalf the Chopper (Hill Orc Fighter)      Turns: 3457, Time: 00:10:51

Health: 0/46       AC: 10    Str: 23    XL:     5   Next: 50%
Magic:  5/5        EV:  8    Int: 14    God:
Gold:   110        SH:  8    Dex: 10    Spells: 4/4 levels left

rFire   . . .      SeeInvis .   a - +0 war axe
rCold   . . .      Faith    .   c - +0 kite shield
rNeg    . . .      Spirit   .   b - +0 scale mail
rPois   .          Reflect  .   (helmet restricted)
rElec   .          Harm     .   (no cloak)
rCorr   .          Rampage  .   g - +2 pair of gloves {Str+3}
Will    .....                   (no boots)
Stlth   ..........              (no amulet)
HPRegen 0.15/turn               f - +6 ring of intelligence
MPRegen 0.09/turn               (no ring)

@: lethally poisoned (0 -> -2), on berserk cooldown, slowed, very slow
A: antennae 1, sense surroundings 1
a: no special abilities


You were in a sewer.
You visited 1 branch of the dungeon, and saw 3 of its levels.
You also visited: Sewer.

You collected 110 gold pieces.

Inventory:

Hand Weapons
 a - a +0 war axe (weapon)
Armour
 b - a +0 scale mail (worn)
 c - a +0 kite shield (worn)
 g - a +2 pair of gloves of strength (worn)
Jewellery
 f - a +6 ring of intelligence (left hand)
Scrolls
 e - a scroll of enchant armour {unknown}
 h - a scroll of acquirement {unknown}
 i - a scroll of enchant weapon {unknown}
 j - a scroll of teleportation {unknown}
 m - a scroll of identify {unknown}
Potions
 d - a potion of might


   Skills:
 + Level 4.3 Fighting
 + Level 4.6 Axes
 + Level 4.0 Armour
 + Level 1.1 Dodging
 + Level 4.3 Shields


You had 4 spell levels left.
You didn't know any spells.
Your spell library was empty.

Dungeon Overview and Level Annotations

Branches:
Dungeon (3/15)              Sewer (1/1)

Altars:
Xom


Innate Abilities, Weirdness & Mutations

You have a pair of small antennae on your head.
You passively map a small area around you.


Message History

You are more poisoned.
You feel very sick.
You feel very sick.
The kobold brigand throws a poisoned dart.
The poisoned dart hits you.
You are more poisoned.
The kobold brigand throws a poisoned dart.
The poisoned dart hits you!
You are lethally poisoned!
It was a potion of mutation.
You feel extremely strange. A pair of antennae grows on your head!
You feel a strange attunement to the structure of the dungeons.
You feel very sick.
The kobold brigand throws a poisoned dart.
You block the poisoned dart.
It was a potion of berserk rage.
A red film seems to cover your vision as you go berserk!
You feel yourself moving faster!
You feel mighty!
* * * LOW HITPOINT WARNING * * *
You feel very sick.
You feel a strong urge to attack something.
You feel very sick.
You feel very sick.
You feel your anger nearly subside.
You are no longer berserk.
You are exhausted.
You feel yourself slow down.
* * * LOW HITPOINT WARNING * * *
You feel sick.
The kobold brigand hits you but does no damage.
Your unstable footing causes you to fumble your attack.
* * * LOW HITPOINT WARNING * * *
You feel very sick.
The kobold brigand splashes around in the water. x2
Your unstable footing causes you to fumble your attack.
* * * LOW HITPOINT WARNING * * *
You feel sick.
The kobold brigand splashes around in the water.
You block the kobold brigand's attack. x2
Your scale mail prevents you from hitting the kobold brigand.
You die...

#.#
#≈#
#≈#
#≈#
#≈#
#≈#
#≈#
#≈#
#@#
#K#
#K#
#K#
#≈#
#≈#
#≈#
#≈#
#†#


You could see a kobold brigand and 2 kobolds.

Vanquished Creatures
  Terence (D:2)
  An orc wizard (D:3)
  An adder (D:2)
  A gnoll (D:3)
  5 river rats
  A worm (D:3)
  A dart slug (D:1)
  An orc (D:3)
  3 bats
  An endoplasm (D:2)
  2 giant cockroaches
  3 goblins (D:1)
  7 hobgoblins
  6 jackals
  2 quokkas (D:2)
  5 ball pythons
  4 frilled lizards
  3 kobolds (D:1)
  3 rats
  22 bushes (D:1)
73 creatures vanquished.

Vanquished Creatures (others)
  16 plants (D:1)
16 creatures vanquished.

Grand Total: 89 creatures vanquished

Notes
Turn   | Place    | Note
-------+----------+-------------------------------------------
     0 | D:1      | GenialerGandalf the Hill Orc Fighter began the quest for
                  | the Orb.
     0 | D:1      | Reached XP level 1. HP: 19/19 MP: 1/1
    18 | D:1      | Upgraded the game from 0.28-a0-69-g49dcd67cf8 to
                  | 0.28-a0-445-g51f8dfeb47
   385 | D:1      | Reached XP level 2. HP: 27/27 MP: 2/2
   621 | D:1      | Found a faded altar of an unknown god.
   719 | D:1      | Reached XP level 3. HP: 29/33 MP: 3/3
  2057 | D:2      | Reached skill level 1 in Dodging
  2443 | D:2      | Found a shimmering altar of Xom.
  2520 | D:2      | Noticed Terence
  2543 | D:2      | Killed Terence
  2544 | D:2      | Reached XP level 4. HP: 38/40 MP: 4/4
  3102 | D:3      | Reached XP level 5. HP: 37/46 MP: 5/5
  3231 | D:3      | Found a glowing drain.
  3243 | Sewer    | Entered a sewer
  3417 | Sewer    | Noticed a kobold brigand
  3450 | Sewer    | Gained mutation: You have a pair of small antennae on your
                  | head. [potion of mutation]
  3450 | Sewer    | Gained mutation: You passively map a small area around you.
                  | [potion of mutation]
  3456 | Sewer    | HP: 1/46 [poisoned by a kobold brigand]
  3457 | Sewer    | Succumbed to a kobold brigand's poison

Illustrated notes

Levels and vault maps discovered:
D:1:      dpeg_arrival_fog, layout_rooms,
          hellmonk_ecumenical_altar_pennies_from_heaven, serial_forest,
          infiniplex_forest_corner_2, infiniplex_forest_lined_2,
          infiniplex_forest_clump_curved, infiniplex_forest_lined_room_2,
          infiniplex_forest_clump_cross, infiniplex_forest_lined_room_,
          chequers_serial_rivers_room_a, minmay_misc_feat_diagonals
D:2:      layout_basic, basic_altar, uniq_terence
D:3:      layout_loops_cross, portal_sewer_entry_b, serial_shops, shop
Sewer:    sewer_kobolds

Skill      XL: |  1  2  3  4  5 |
---------------+----------------+-----
Fighting       | 4 |  4.3
Axes           | 3 4 |  4.6
Dodging        | 1 |  1.1
Shields        | 4 |  4.3
Armour         | 4 |  4.0

Action                   |  1- 3 |  4- 6 || total
-------------------------+-------+-------++-------
Melee: War axe           |   993 |    85 ||  1078
  Use: Potion            |       |     2 ||     2
Armor: Scale mail        |    63 |    41 ||   104
Dodge: Dodged            |    41 |    29 ||    70
Block: Kite shield       |    49 |    46 ||    95

Table legend: (Time is in decaauts)
 A = Elapsed time spent in this place.
 B = Non-inter-level travel time spent in this place.
 C = Inter-level travel time spent in this place.
 D = Time resting spent in this place.
 E = Time spent auto-exploring this place.
 F = Levels seen in this place.
 G = Mean time per level.
                   A        B        C        D        E       F      G
               +--------+--------+--------+--------+--------+-----+--------+
         Total |   4097 |   4093 |      4 |    465 |    938 |   4 | 1024.2 |
       Dungeon |   3849 |   3845 |      4 |    338 |    938 |   3 | 1283.0 |
         Sewer |    248 |    248 |      0 |    127 |      0 |   1 |  248.0 |
               +--------+--------+--------+--------+--------+-----+--------+

Top non-repeatable levels by time:
     D:1: 2501 daAuts
     D:2: 1024 daAuts
     D:3: 323 daAuts
   Sewer: 248 daAuts
